[ AOE2 MATCH · #499807042 ]
UnrankedSpanish vs Sicilians
[ REPLAY ANALYSIS · EXTRACTED FROM THE RECORDED GAME ]
Feudal
11:56
Castle
17:52
Imperial
42:08
| APM avg | 40.7 |
| APM peak | 97 |
| eAPM avg | 25.8 |
| Villagers / military | 191 / 69 |
Focus
⚔️ 36.0% · 🌾 64.0%
Missionary ×31 · Trade Cart ×24 · Scout Cavalry ×13 · Knight ×12 · Petard ×10 · Conquistador ×3
Feudal
10:56
Castle
14:33
Imperial
28:42
| APM avg | 67.5 |
| APM peak | 133 |
| eAPM avg | 38.9 |
| Villagers / military | 175 / 297 |
Focus
⚔️ 28.3% · 🌾 71.7%
Mangudai ×234 · Trade Cart ×38 · Mangonel ×32 · Petard ×9 · Battering Ram ×6 · Trebuchet (Packed) ×6
Feudal
10:46
Castle
14:24
Imperial
29:29
| APM avg | 24.2 |
| APM peak | 51 |
| eAPM avg | 17.7 |
| Villagers / military | 146 / 782 |
Focus
⚔️ 29.4% · 🌾 70.6%
Spearman ×724 · Battering Ram ×47 · Trade Cart ×10 · Mangonel ×8 · Trebuchet (Packed) ×2 · Monk ×1
Feudal
11:45
Castle
15:05
Imperial
29:21
| APM avg | 42.2 |
| APM peak | 86 |
| eAPM avg | 29.5 |
| Villagers / military | 169 / 449 |
Focus
⚔️ 37.5% · 🌾 62.5%
Scout Cavalry ×219 · War Elephant ×180 · Archer ×48 · Trade Cart ×13 · Trebuchet (Packed) ×2
Feudal
8:59
Castle
20:48
Imperial
34:35
| APM avg | 63.0 |
| APM peak | 127 |
| eAPM avg | 29.8 |
| Villagers / military | 161 / 322 |
Focus
⚔️ 39.8% · 🌾 60.2%
Mameluke ×175 · Scout Cavalry ×122 · Trade Cart ×51 · Archer ×24 · Monk ×1
Feudal
11:02
Castle
14:59
Imperial
28:58
| APM avg | 52.4 |
| APM peak | 106 |
| eAPM avg | 39.5 |
| Villagers / military | 163 / 455 |
Focus
⚔️ 45.8% · 🌾 54.2%
Longbowman ×180 · Skirmisher ×120 · Archer ×95 · Militia ×46 · Trade Cart ×42 · Battering Ram ×6
Feudal
9:00
Castle
20:34
Imperial
36:04
| APM avg | 39.2 |
| APM peak | 80 |
| eAPM avg | 27.2 |
| Villagers / military | 229 / 88 |
Focus
⚔️ 32.7% · 🌾 67.3%
Mangonel ×63 · Trade Cart ×29 · Battering Ram ×21 · Militia ×3 · Trebuchet (Packed) ×1
Feudal
10:33
Castle
14:57
Imperial
29:00
| APM avg | 51.3 |
| APM peak | 98 |
| eAPM avg | 32.0 |
| Villagers / military | 284 / 489 |
Focus
⚔️ 49.0% · 🌾 51.0%
Spearman ×220 · Longbowman ×179 · Skirmisher ×35 · Battering Ram ×28 · Trebuchet (Packed) ×21 · Trade Cart ×19
Match map
Initial resources + every placement click. Lines = walls · curves = elevation contours. ◆ gold · ⬟ stone · ● berries · ✦ relic · ◌ wall gap
Your base· ✓ Closed at 17:52 · 83t walls · no gate
MZTK | GO1_mx's base· ✓ Closed at 14:33 · 0t walls · no gate
paran's base· Open — opponent sealed themselves in
JaMMiN's base· ✓ Closed at 15:05 · 0t walls · no gate
undefined's base· Open — opponent sealed themselves in
mochi's base· ✓ Closed at 14:59 · 26t walls · no gate
RoomOnFire's base· Open — opponent sealed themselves in
王德发's base· Open — opponent sealed themselves in
Smoothed initial terrain · ◌ = detected wall gap · hover for details
Inputs per minute
— Favre4ever - - MZTK | GO1_mx
Build order — Favre4ever
First 150 of 533 actions detected
| 0:00 | Create | Villager (Male) |
| 0:01 | Create | Villager (Male) |
| 0:02 | Build | House |
| 0:02 | Create | Villager (Male) |
| 0:04 | Build | House |
| 0:11 | Create | Villager (Male) |
| 0:50 | Build | Palisade Wall |
| 1:34 | Create | Villager (Male) |
| 2:05 | Build | Palisade Wall |
| 2:12 | Create | Villager (Male) |
| 2:12 | Create | Villager (Male) |
| 2:29 | Create | Villager (Male) |
| 2:56 | Create | Villager (Male) |
| 2:57 | Create | Villager (Male) |
| 3:29 | Build | Lumber Camp |
| 3:31 | Create | Villager (Male) |
| 3:31 | Create | Villager (Male) |
| 3:43 | Create | Villager (Male) |
| 3:55 | Create | Villager (Male) |
| 4:13 | Create | Villager (Male) |
| 4:20 | Build | House |
| 4:41 | Create | Villager (Male) |
| 4:54 | Create | Villager (Male) |
| 5:04 | Create | Villager (Male) |
| 5:29 | Create | Villager (Male) |
| 5:32 | Create | Villager (Male) |
| 5:36 | Build | House |
| 5:50 | Create | Villager (Male) |
| 5:55 | Build | Palisade Wall |
| 6:11 | Build | Palisade Wall |
| 6:12 | Create | Villager (Male) |
| 6:29 | Build | Mill |
| 6:40 | Create | Villager (Male) |
| 6:55 | Create | Villager (Male) |
| 7:13 | Build | House |
| 8:01 | Build | Palisade Wall |
| 8:06 | Build | House |
| 8:08 | Create | Villager (Male) |
| 8:52 | Build | Palisade Wall |
| 8:57 | Build | Mining Camp |
| 9:05 | Research | Loom |
| 9:15 | Build | Palisade Wall |
| 9:19 | Build | Palisade Wall |
| 9:43 | Research | Feudal Age |
| 9:47 | Build | Palisade Wall |
| 9:53 | Build | Palisade Wall |
| 10:09 | Build | Palisade Wall |
| 10:26 | Build | Palisade Wall |
| 10:47 | Build | Palisade Wall |
| 10:50 | Build | Palisade Wall |
| 11:04 | Create | Villager (Male) |
| 11:20 | Build | Palisade Wall |
| 11:25 | Build | Palisade Wall |
| 11:31 | Create | Villager (Male) |
| 11:53 | Create | Villager (Male) |
| 11:56 | Age | Feudal Age |
| 12:00 | Build | Watch Tower |
| 12:04 | Create | Villager (Male) |
| 12:08 | Build | House |
| 12:10 | Create | Villager (Male) |
| 12:27 | Research | Double-Bit Axe |
| 12:27 | Research | Double-Bit Axe |
| 12:59 | Build | Stone Wall |
| 13:44 | Build | Market |
| 14:11 | Create | Villager (Male) |
| 14:23 | Build | Blacksmith |
| 14:31 | Create | Villager (Male) |
| 14:46 | Research | Horse Collar |
| 14:46 | Research | Horse Collar |
| 15:12 | Research | Castle Age |
| 15:12 | Research | Castle Age |
| 15:34 | Build | Farm |
| 15:37 | Build | Farm |
| 15:38 | Build | Farm |
| 15:53 | Build | Stone Wall |
| 16:22 | Create | Villager (Male) |
| 16:40 | Build | Watch Tower |
| 17:27 | Create | Villager (Male) |
| 17:36 | Create | Villager (Male) |
| 17:52 | Age | Castle Age |
| 17:56 | Build | House |
| 18:03 | Create | Villager (Male) |
| 18:37 | Create | Villager (Male) |
| 18:53 | Create | Villager (Male) |
| 19:02 | Create | Villager (Male) |
| 19:21 | Build | Farm |
| 19:23 | Build | Farm |
| 19:26 | Create | Villager (Male) |
| 19:34 | Build | House |
| 19:34 | Create | Villager (Male) |
| 20:03 | Build | House |
| 20:19 | Build | Castle |
| 20:32 | Create | Villager (Male) |
| 20:39 | Build | Farm |
| 20:51 | Create | Villager (Male) |
| 20:54 | Build | Farm |
| 21:12 | Build | Lumber Camp |
| 21:56 | Create | Villager (Male) |
| 22:08 | Create | Conquistador |
| 22:20 | Create | Villager (Male) |
| 22:50 | Create | Villager (Male) |
| 22:52 | Build | Farm |
| 23:35 | Create | Conquistador |
| 23:36 | Create | Conquistador |
| 26:11 | Build | Lumber Camp |
| 26:30 | Build | Stone Wall |
| 26:34 | Build | Stone Wall |
| 26:40 | Build | Stone Wall |
| 26:51 | Build | Stone Wall |
| 27:27 | Build | Mill |
| 28:59 | Build | Market |
| 30:00 | Build | Market |
| 32:29 | Build | Town Center |
| 33:33 | Create | Villager (Male) |
| 33:33 | Create | Villager (Male) |
| 33:34 | Create | Villager (Male) |
| 33:34 | Create | Villager (Male) |
| 33:41 | Create | Villager (Male) |
| 33:56 | Create | Villager (Male) |
| 33:59 | Create | Villager (Male) |
| 34:30 | Create | Villager (Male) |
| 34:40 | Create | Villager (Male) |
| 34:49 | Create | Villager (Male) |
| 34:52 | Build | Farm |
| 35:09 | Create | Villager (Male) |
| 35:29 | Create | Villager (Male) |
| 35:34 | Build | Farm |
| 35:54 | Create | Villager (Male) |
| 36:05 | Create | Villager (Male) |
| 36:27 | Create | Villager (Male) |
| 36:56 | Create | Villager (Male) |
| 37:02 | Create | Villager (Male) |
| 37:05 | Build | Mining Camp |
| 37:08 | Build | Farm |
| 37:17 | Research | Bow Saw |
| 37:18 | Research | Bow Saw |
| 37:38 | Create | Villager (Male) |
| 37:39 | Create | Villager (Male) |
| 37:40 | Create | Villager (Male) |
| 37:49 | Create | Villager (Male) |
| 37:54 | Build | Town Center |
| 37:55 | Create | Villager (Male) |
| 38:01 | Build | Town Center |
| 38:02 | Create | Villager (Male) |
| 38:06 | Build | Town Center |
| 38:10 | Create | Villager (Male) |
| 38:13 | Build | Farm |
| 38:16 | Research | Heavy Plow |
| 38:16 | Research | Heavy Plow |
| 38:23 | Build | Monastery |
Build order — MZTK | GO1_mx
First 150 of 604 actions detected
| 0:01 | Create | Villager (Male) |
| 0:01 | Create | Villager (Male) |
| 0:01 | Create | Villager (Male) |
| 0:03 | Build | House |
| 0:04 | Build | House |
| 0:17 | Create | Villager (Male) |
| 0:17 | Create | Villager (Male) |
| 1:35 | Create | Villager (Male) |
| 1:35 | Create | Villager (Male) |
| 1:44 | Build | Lumber Camp |
| 1:59 | Create | Villager (Male) |
| 2:12 | Create | Villager (Male) |
| 2:45 | Create | Villager (Male) |
| 2:46 | Create | Villager (Male) |
| 3:00 | Create | Villager (Male) |
| 3:36 | Create | Villager (Male) |
| 3:36 | Create | Villager (Male) |
| 3:36 | Create | Villager (Male) |
| 3:46 | Build | House |
| 4:10 | Create | Villager (Male) |
| 4:10 | Create | Villager (Male) |
| 4:21 | Build | Mill |
| 4:37 | Create | Villager (Male) |
| 4:37 | Create | Villager (Male) |
| 4:38 | Create | Villager (Male) |
| 4:38 | Create | Villager (Male) |
| 5:12 | Create | Villager (Male) |
| 5:12 | Create | Villager (Male) |
| 5:15 | Create | Villager (Male) |
| 5:30 | Build | House |
| 5:34 | Build | House |
| 5:47 | Create | Villager (Male) |
| 5:47 | Create | Villager (Male) |
| 5:57 | Create | Villager (Male) |
| 6:17 | Create | Villager (Male) |
| 6:55 | Create | Villager (Male) |
| 7:10 | Build | Mill |
| 7:34 | Research | Feudal Age |
| 7:49 | Build | Mining Camp |
| 8:06 | Create | Villager (Male) |
| 8:08 | Research | Feudal Age |
| 8:50 | Build | House |
| 10:56 | Age | Feudal Age |
| 10:58 | Create | Villager (Male) |
| 10:58 | Create | Villager (Male) |
| 11:02 | Build | Market |
| 11:05 | Build | Blacksmith |
| 11:22 | Research | Double-Bit Axe |
| 11:23 | Research | Double-Bit Axe |
| 11:53 | Research | Castle Age |
| 11:53 | Research | Castle Age |
| 12:07 | Research | Horse Collar |
| 12:12 | Build | House |
| 14:07 | Research | Wheelbarrow |
| 14:24 | Build | Farm |
| 14:33 | Age | Castle Age |
| 14:38 | Build | Town Center |
| 14:38 | Create | Villager (Male) |
| 14:44 | Build | Town Center |
| 14:53 | Build | Town Center |
| 15:34 | Build | Monastery |
| 15:52 | Create | Villager (Male) |
| 15:58 | Create | Villager (Male) |
| 16:05 | Build | Farm |
| 16:10 | Create | Villager (Male) |
| 16:17 | Create | Monk |
| 16:19 | Build | House |
| 16:20 | Create | Villager (Male) |
| 16:20 | Create | Villager (Male) |
| 16:26 | Create | Villager (Male) |
| 16:29 | Build | Farm |
| 16:30 | Create | Villager (Male) |
| 16:31 | Create | Villager (Male) |
| 16:32 | Create | Villager (Male) |
| 16:32 | Create | Villager (Male) |
| 16:38 | Build | Farm |
| 16:44 | Build | Farm |
| 16:46 | Create | Villager (Male) |
| 16:49 | Build | Farm |
| 16:50 | Create | Villager (Male) |
| 16:56 | Build | Farm |
| 17:01 | Create | Villager (Male) |
| 17:03 | Build | Farm |
| 17:07 | Build | House |
| 17:08 | Build | House |
| 17:10 | Create | Villager (Male) |
| 17:13 | Create | Villager (Male) |
| 17:24 | Create | Villager (Male) |
| 17:25 | Create | Villager (Male) |
| 17:39 | Research | Loom |
| 17:39 | Create | Villager (Male) |
| 17:39 | Research | Loom |
| 17:40 | Create | Villager (Male) |
| 17:40 | Create | Villager (Male) |
| 17:58 | Build | Siege Workshop |
| 18:01 | Build | Farm |
| 18:03 | Build | Farm |
| 18:05 | Build | Farm |
| 18:05 | Create | Villager (Male) |
| 18:06 | Create | Villager (Male) |
| 18:18 | Create | Villager (Male) |
| 18:36 | Create | Villager (Male) |
| 18:38 | Build | Farm |
| 18:39 | Build | Farm |
| 18:39 | Build | Farm |
| 18:39 | Build | Farm |
| 18:41 | Create | Scorpion |
| 18:43 | Build | Farm |
| 18:45 | Build | Farm |
| 18:47 | Build | Farm |
| 18:51 | Build | Farm |
| 18:54 | Build | Farm |
| 18:55 | Create | Villager (Male) |
| 19:07 | Create | Battering Ram |
| 19:09 | Create | Villager (Male) |
| 19:09 | Create | Villager (Male) |
| 19:09 | Create | Villager (Male) |
| 19:20 | Build | Farm |
| 19:21 | Build | Farm |
| 19:29 | Create | Villager (Male) |
| 19:47 | Create | Scorpion |
| 19:49 | Create | Villager (Male) |
| 19:59 | Create | Villager (Male) |
| 20:00 | Create | Villager (Male) |
| 20:02 | Create | Villager (Male) |
| 20:03 | Build | Farm |
| 20:05 | Build | Farm |
| 20:18 | Create | Monk |
| 20:24 | Create | Villager (Male) |
| 20:26 | Create | Villager (Male) |
| 20:40 | Create | Villager (Male) |
| 20:50 | Build | House |
| 20:51 | Create | Villager (Male) |
| 20:51 | Create | Villager (Male) |
| 20:53 | Build | Farm |
| 20:57 | Build | Farm |
| 20:58 | Build | Farm |
| 21:04 | Create | Villager (Male) |
| 21:07 | Create | Villager (Male) |
| 21:09 | Build | Farm |
| 21:10 | Build | Farm |
| 21:10 | Create | Villager (Male) |
| 21:12 | Build | Farm |
| 21:12 | Build | Farm |
| 21:13 | Create | Villager (Male) |
| 21:13 | Create | Villager (Male) |
| 21:15 | Create | Villager (Male) |
| 21:17 | Build | House |
| 21:17 | Build | House |
| 21:17 | Build | House |
Build order — paran
First 150 of 519 actions detected
| 0:02 | Create | Villager (Male) |
| 0:02 | Create | Villager (Male) |
| 0:06 | Build | House |
| 0:11 | Build | House |
| 0:28 | Create | Villager (Male) |
| 0:29 | Create | Villager (Male) |
| 1:32 | Create | Villager (Male) |
| 1:49 | Build | Lumber Camp |
| 2:04 | Create | Villager (Male) |
| 2:26 | Create | Villager (Male) |
| 2:59 | Create | Villager (Male) |
| 3:00 | Create | Villager (Male) |
| 3:22 | Create | Villager (Male) |
| 3:23 | Create | Villager (Male) |
| 3:30 | Build | House |
| 3:41 | Build | House |
| 4:08 | Build | House |
| 4:10 | Build | House |
| 4:19 | Create | Villager (Male) |
| 4:19 | Create | Villager (Male) |
| 4:55 | Create | Villager (Male) |
| 5:22 | Create | Villager (Male) |
| 6:06 | Create | Villager (Male) |
| 6:06 | Create | Villager (Male) |
| 6:23 | Build | Mill |
| 6:33 | Create | Villager (Male) |
| 7:02 | Create | Villager (Male) |
| 7:02 | Create | Villager (Male) |
| 7:49 | Create | Villager (Male) |
| 8:18 | Research | Feudal Age |
| 10:46 | Age | Feudal Age |
| 10:48 | Create | Villager (Male) |
| 10:48 | Create | Villager (Male) |
| 10:55 | Build | Market |
| 10:59 | Build | Blacksmith |
| 11:44 | Research | Castle Age |
| 11:49 | Research | Double-Bit Axe |
| 12:52 | Research | Horse Collar |
| 12:57 | Build | Farm |
| 12:59 | Build | Farm |
| 13:02 | Build | Farm |
| 13:15 | Build | Farm |
| 13:18 | Build | Farm |
| 14:05 | Create | Villager (Male) |
| 14:05 | Create | Villager (Male) |
| 14:24 | Age | Castle Age |
| 14:31 | Build | Town Center |
| 14:45 | Build | Town Center |
| 14:54 | Research | Bow Saw |
| 15:22 | Create | Villager (Male) |
| 15:23 | Create | Villager (Male) |
| 15:28 | Create | Villager (Male) |
| 15:28 | Create | Villager (Male) |
| 15:36 | Create | Villager (Male) |
| 15:36 | Create | Villager (Male) |
| 16:07 | Build | Town Center |
| 16:33 | Create | Villager (Male) |
| 16:34 | Create | Villager (Male) |
| 16:35 | Create | Villager (Male) |
| 16:35 | Create | Villager (Male) |
| 16:40 | Research | Heavy Plow |
| 16:44 | Build | Farm |
| 16:46 | Build | Farm |
| 17:05 | Create | Villager (Male) |
| 17:05 | Create | Villager (Male) |
| 17:09 | Build | Farm |
| 17:11 | Build | Farm |
| 17:13 | Build | Farm |
| 17:14 | Create | Villager (Male) |
| 17:26 | Create | Villager (Male) |
| 17:26 | Create | Villager (Male) |
| 17:27 | Create | Villager (Male) |
| 17:53 | Create | Villager (Male) |
| 17:54 | Create | Villager (Male) |
| 17:54 | Create | Villager (Male) |
| 17:58 | Build | House |
| 18:18 | Build | Farm |
| 18:18 | Build | Farm |
| 18:18 | Build | Farm |
| 18:19 | Build | Farm |
| 18:19 | Build | Farm |
| 18:23 | Build | Farm |
| 18:24 | Build | Farm |
| 18:27 | Build | Farm |
| 18:29 | Create | Villager (Male) |
| 18:29 | Create | Villager (Male) |
| 18:30 | Create | Villager (Male) |
| 18:34 | Build | House |
| 18:35 | Build | House |
| 18:36 | Build | House |
| 18:37 | Build | House |
| 18:39 | Build | House |
| 18:40 | Build | House |
| 18:52 | Create | Villager (Male) |
| 18:53 | Create | Villager (Male) |
| 18:53 | Create | Villager (Male) |
| 19:15 | Create | Villager (Male) |
| 19:15 | Create | Villager (Male) |
| 19:19 | Build | Farm |
| 19:19 | Build | Farm |
| 19:19 | Build | Farm |
| 19:20 | Build | Farm |
| 19:20 | Build | Farm |
| 19:25 | Create | Villager (Male) |
| 19:28 | Build | Farm |
| 19:32 | Build | Farm |
| 19:41 | Create | Villager (Male) |
| 19:41 | Create | Villager (Male) |
| 19:53 | Build | Farm |
| 19:53 | Build | Farm |
| 19:53 | Build | Farm |
| 19:53 | Build | Farm |
| 19:54 | Build | Farm |
| 19:55 | Build | Farm |
| 19:56 | Build | Farm |
| 19:59 | Create | Villager (Male) |
| 19:59 | Create | Villager (Male) |
| 20:16 | Create | Villager (Male) |
| 20:16 | Create | Villager (Male) |
| 20:16 | Create | Villager (Male) |
| 20:25 | Create | Villager (Male) |
| 20:32 | Build | Mill |
| 20:43 | Build | Farm |
| 20:43 | Build | Farm |
| 20:44 | Build | Farm |
| 20:44 | Build | Farm |
| 20:44 | Build | Farm |
| 20:45 | Build | Farm |
| 20:45 | Build | Farm |
| 20:51 | Create | Villager (Male) |
| 20:51 | Create | Villager (Male) |
| 20:51 | Create | Villager (Male) |
| 20:52 | Create | Villager (Male) |
| 20:52 | Create | Villager (Male) |
| 21:10 | Create | Villager (Male) |
| 21:11 | Create | Villager (Male) |
| 21:11 | Create | Villager (Male) |
| 21:31 | Build | Farm |
| 21:41 | Create | Villager (Male) |
| 21:41 | Create | Villager (Male) |
| 21:42 | Create | Villager (Male) |
| 21:42 | Create | Villager (Male) |
| 21:42 | Create | Villager (Male) |
| 21:42 | Create | Villager (Male) |
| 21:43 | Create | Villager (Male) |
| 21:43 | Create | Villager (Male) |
| 21:53 | Build | Farm |
| 21:58 | Build | Farm |
| 22:00 | Build | Farm |
| 22:04 | Build | Farm |
Build order — JaMMiN
First 150 of 870 actions detected
| 0:01 | Create | Villager (Male) |
| 0:03 | Build | House |
| 0:04 | Build | House |
| 0:12 | Create | Villager (Male) |
| 0:22 | Create | Villager (Male) |
| 0:23 | Create | Villager (Male) |
| 0:38 | Create | Villager (Male) |
| 1:51 | Create | Villager (Male) |
| 1:56 | Build | Lumber Camp |
| 1:58 | Create | Villager (Male) |
| 2:24 | Create | Villager (Male) |
| 2:24 | Create | Villager (Male) |
| 2:41 | Create | Villager (Male) |
| 3:07 | Create | Villager (Male) |
| 4:06 | Build | House |
| 4:07 | Build | House |
| 4:08 | Create | Villager (Male) |
| 4:08 | Create | Villager (Male) |
| 4:29 | Research | Loom |
| 4:41 | Build | Mill |
| 4:49 | Create | Villager (Male) |
| 5:15 | Build | House |
| 5:18 | Build | Mill |
| 5:24 | Create | Villager (Male) |
| 5:24 | Create | Villager (Male) |
| 5:41 | Create | Villager (Male) |
| 5:41 | Create | Villager (Male) |
| 6:32 | Create | Villager (Male) |
| 6:36 | Create | Villager (Male) |
| 6:40 | Build | Mill |
| 7:30 | Create | Villager (Male) |
| 7:36 | Create | Villager (Male) |
| 7:36 | Create | Villager (Male) |
| 7:56 | Create | Villager (Male) |
| 8:20 | Build | Farm |
| 8:41 | Build | Farm |
| 8:45 | Build | Farm |
| 9:05 | Build | Mining Camp |
| 9:31 | Research | Feudal Age |
| 10:33 | Build | Farm |
| 10:35 | Build | Farm |
| 11:08 | Create | Villager (Male) |
| 11:08 | Create | Villager (Male) |
| 11:45 | Age | Feudal Age |
| 11:47 | Build | Blacksmith |
| 11:49 | Build | Market |
| 11:50 | Research | Double-Bit Axe |
| 12:40 | Research | Castle Age |
| 12:40 | Research | Castle Age |
| 12:43 | Research | Horse Collar |
| 12:55 | Build | Farm |
| 12:57 | Build | Farm |
| 13:35 | Build | House |
| 13:50 | Build | House |
| 15:05 | Age | Castle Age |
| 15:15 | Create | Villager (Male) |
| 15:18 | Build | Town Center |
| 15:35 | Create | Villager (Male) |
| 15:46 | Build | Town Center |
| 15:51 | Create | Villager (Male) |
| 15:55 | Build | Farm |
| 15:57 | Research | Bow Saw |
| 15:59 | Research | Heavy Plow |
| 16:00 | Create | Villager (Male) |
| 16:30 | Create | Villager (Male) |
| 16:34 | Create | Villager (Male) |
| 16:38 | Build | Farm |
| 16:40 | Build | Farm |
| 16:42 | Build | Farm |
| 16:44 | Build | Farm |
| 16:51 | Create | Villager (Male) |
| 17:02 | Create | Villager (Male) |
| 17:14 | Create | Villager (Male) |
| 17:15 | Create | Villager (Male) |
| 17:15 | Create | Villager (Male) |
| 17:15 | Create | Villager (Male) |
| 17:18 | Build | Farm |
| 17:25 | Build | Farm |
| 17:29 | Build | Farm |
| 17:31 | Create | Villager (Male) |
| 17:31 | Create | Villager (Male) |
| 17:45 | Build | Farm |
| 17:46 | Build | Farm |
| 17:49 | Create | Villager (Male) |
| 17:50 | Create | Villager (Male) |
| 17:50 | Create | Villager (Male) |
| 18:22 | Research | Wheelbarrow |
| 18:24 | Create | Villager (Male) |
| 18:27 | Build | Farm |
| 18:28 | Build | Farm |
| 18:38 | Create | Villager (Male) |
| 18:40 | Build | Farm |
| 18:40 | Build | Farm |
| 18:41 | Build | Farm |
| 18:41 | Build | Farm |
| 18:41 | Build | Farm |
| 18:42 | Build | Farm |
| 18:42 | Build | Farm |
| 18:49 | Build | Farm |
| 18:50 | Build | Farm |
| 18:53 | Build | Farm |
| 18:57 | Create | Villager (Male) |
| 18:57 | Create | Villager (Male) |
| 18:58 | Create | Villager (Male) |
| 19:07 | Build | Farm |
| 19:09 | Research | Gold Mining |
| 19:12 | Create | Villager (Male) |
| 19:16 | Create | Villager (Male) |
| 19:39 | Build | House |
| 19:41 | Research | Town Watch |
| 19:50 | Research | Hand Cart |
| 19:58 | Create | Villager (Male) |
| 19:58 | Create | Villager (Male) |
| 20:00 | Create | Villager (Male) |
| 20:02 | Create | Villager (Male) |
| 20:06 | Build | Farm |
| 20:08 | Build | Farm |
| 20:10 | Build | House |
| 20:12 | Create | Villager (Male) |
| 20:22 | Build | Farm |
| 20:24 | Create | Villager (Male) |
| 20:24 | Create | Villager (Male) |
| 20:25 | Create | Villager (Male) |
| 20:27 | Create | Villager (Male) |
| 20:30 | Build | Farm |
| 20:39 | Build | Farm |
| 20:52 | Build | House |
| 20:54 | Build | House |
| 20:55 | Create | Villager (Male) |
| 20:56 | Create | Villager (Male) |
| 20:56 | Create | Villager (Male) |
| 20:56 | Create | Villager (Male) |
| 20:56 | Create | Villager (Male) |
| 21:20 | Create | Villager (Male) |
| 21:20 | Create | Villager (Male) |
| 21:21 | Create | Villager (Male) |
| 21:27 | Build | Town Center |
| 21:32 | Build | House |
| 21:38 | Create | Villager (Male) |
| 21:38 | Create | Villager (Male) |
| 21:39 | Research | Stone Mining |
| 21:52 | Build | House |
| 21:53 | Build | House |
| 21:54 | Build | House |
| 22:03 | Build | Farm |
| 22:06 | Build | Farm |
| 22:11 | Build | House |
| 22:13 | Create | Villager (Male) |
| 22:13 | Create | Villager (Male) |
| 22:13 | Create | Villager (Male) |
Build order — undefined
First 150 of 760 actions detected
| 0:01 | Create | Villager (Male) |
| 0:02 | Create | Villager (Male) |
| 0:02 | Create | Villager (Male) |
| 0:03 | Build | House |
| 0:04 | Build | House |
| 0:09 | Create | Villager (Male) |
| 1:43 | Create | Villager (Male) |
| 1:43 | Create | Villager (Male) |
| 2:07 | Create | Villager (Male) |
| 2:37 | Create | Villager (Male) |
| 2:55 | Create | Villager (Male) |
| 3:05 | Build | Lumber Camp |
| 3:24 | Create | Villager (Male) |
| 3:24 | Create | Villager (Male) |
| 3:53 | Build | House |
| 4:15 | Create | Villager (Male) |
| 4:16 | Create | Villager (Male) |
| 4:39 | Create | Villager (Male) |
| 5:01 | Create | Villager (Male) |
| 5:37 | Create | Villager (Male) |
| 5:53 | Build | Mill |
| 5:54 | Create | Villager (Male) |
| 6:13 | Create | Villager (Male) |
| 6:49 | Research | Feudal Age |
| 6:49 | Research | Feudal Age |
| 7:30 | Build | House |
| 8:05 | Build | Barracks |
| 8:59 | Age | Feudal Age |
| 9:04 | Build | Archery Range |
| 9:04 | Create | Villager (Male) |
| 9:11 | Create | Villager (Male) |
| 9:18 | Build | Mining Camp |
| 9:20 | Create | Villager (Male) |
| 9:24 | Research | Double-Bit Axe |
| 9:24 | Research | Double-Bit Axe |
| 9:44 | Build | House |
| 9:56 | Create | Archer |
| 9:59 | Create | Archer |
| 10:01 | Create | Villager (Male) |
| 10:14 | Create | Villager (Male) |
| 10:20 | Build | Blacksmith |
| 10:43 | Create | Archer |
| 10:54 | Create | Villager (Male) |
| 11:11 | Build | Archery Range |
| 11:14 | Create | Archer |
| 11:26 | Research | Fletching |
| 11:26 | Research | Fletching |
| 12:09 | Create | Archer |
| 12:09 | Create | Archer |
| 12:12 | Create | Villager (Male) |
| 12:12 | Create | Villager (Male) |
| 12:15 | Build | House |
| 12:38 | Create | Archer |
| 12:57 | Create | Villager (Male) |
| 13:06 | Create | Archer |
| 13:39 | Create | Archer |
| 13:42 | Build | House |
| 13:43 | Build | House |
| 14:05 | Create | Villager (Male) |
| 14:07 | Build | House |
| 14:13 | Build | Market |
| 14:29 | Create | Archer |
| 14:32 | Create | Villager (Male) |
| 14:50 | Build | Farm |
| 14:53 | Create | Villager (Male) |
| 14:54 | Create | Archer |
| 15:08 | Create | Archer |
| 15:11 | Create | Villager (Male) |
| 15:14 | Build | Farm |
| 15:25 | Create | Archer |
| 15:26 | Create | Villager (Male) |
| 15:28 | Build | Farm |
| 15:30 | Build | Farm |
| 15:39 | Create | Archer |
| 15:41 | Create | Archer |
| 16:32 | Create | Archer |
| 16:37 | Create | Villager (Male) |
| 16:39 | Build | Farm |
| 16:40 | Build | Farm |
| 16:43 | Build | House |
| 16:51 | Create | Villager (Male) |
| 17:16 | Create | Archer |
| 17:34 | Create | Archer |
| 18:08 | Research | Castle Age |
| 18:08 | Research | Castle Age |
| 18:11 | Build | Farm |
| 18:11 | Build | Farm |
| 18:14 | Create | Villager (Male) |
| 18:28 | Create | Archer |
| 18:44 | Create | Villager (Male) |
| 18:47 | Build | Farm |
| 18:48 | Build | Farm |
| 19:04 | Create | Archer |
| 19:17 | Create | Archer |
| 19:43 | Create | Archer |
| 20:04 | Create | Villager (Male) |
| 20:08 | Build | Farm |
| 20:09 | Create | Archer |
| 20:48 | Age | Castle Age |
| 20:49 | Research | Crossbowman (upgrade) |
| 20:49 | Research | Crossbowman (upgrade) |
| 20:50 | Research | Bodkin Arrow |
| 20:50 | Research | Bodkin Arrow |
| 20:53 | Build | House |
| 20:56 | Build | Town Center |
| 20:59 | Build | Town Center |
| 21:00 | Create | Villager (Male) |
| 21:55 | Create | Villager (Male) |
| 22:02 | Research | Bow Saw |
| 22:02 | Research | Bow Saw |
| 22:21 | Create | Villager (Male) |
| 22:31 | Create | Villager (Male) |
| 22:34 | Build | Farm |
| 22:38 | Create | Villager (Male) |
| 22:43 | Build | Farm |
| 23:27 | Create | Villager (Male) |
| 23:30 | Build | Farm |
| 23:32 | Build | Farm |
| 23:33 | Create | Villager (Male) |
| 23:35 | Build | Town Center |
| 23:40 | Research | Wheelbarrow |
| 23:40 | Research | Wheelbarrow |
| 23:41 | Create | Villager (Male) |
| 23:41 | Build | Farm |
| 23:41 | Build | Farm |
| 23:44 | Build | Farm |
| 24:02 | Create | Villager (Male) |
| 24:07 | Create | Archer |
| 24:40 | Create | Villager (Male) |
| 24:53 | Create | Villager (Male) |
| 24:54 | Create | Villager (Male) |
| 25:01 | Create | Villager (Male) |
| 25:04 | Build | Farm |
| 25:04 | Build | Farm |
| 25:04 | Build | Farm |
| 25:04 | Build | Farm |
| 25:05 | Build | Farm |
| 25:05 | Build | Farm |
| 25:07 | Create | Villager (Male) |
| 25:08 | Create | Villager (Male) |
| 25:43 | Create | Villager (Male) |
| 25:48 | Build | Farm |
| 25:55 | Build | Farm |
| 25:55 | Build | Farm |
| 25:55 | Build | Farm |
| 25:55 | Build | Farm |
| 25:56 | Build | Farm |
| 25:56 | Build | Farm |
| 25:59 | Create | Villager (Male) |
| 25:59 | Create | Villager (Male) |
Build order — mochi
First 150 of 903 actions detected
| 0:01 | Create | Villager (Male) |
| 0:02 | Build | House |
| 0:04 | Build | House |
| 0:07 | Create | Villager (Male) |
| 0:24 | Research | Loom |
| 0:26 | Create | Villager (Male) |
| 0:27 | Create | Villager (Male) |
| 0:45 | Create | Villager (Male) |
| 0:45 | Create | Villager (Male) |
| 0:52 | Build | Palisade Wall |
| 0:53 | Build | Palisade Wall |
| 0:56 | Build | Palisade Wall |
| 0:56 | Build | Palisade Wall |
| 1:52 | Create | Villager (Male) |
| 2:01 | Build | Palisade Wall |
| 2:29 | Create | Villager (Male) |
| 3:02 | Create | Villager (Male) |
| 3:02 | Create | Villager (Male) |
| 3:22 | Create | Villager (Male) |
| 3:22 | Create | Villager (Male) |
| 3:40 | Create | Villager (Male) |
| 4:12 | Create | Villager (Male) |
| 4:13 | Create | Villager (Male) |
| 4:16 | Build | House |
| 4:35 | Create | Villager (Male) |
| 4:36 | Create | Villager (Male) |
| 4:56 | Build | Lumber Camp |
| 5:03 | Create | Villager (Male) |
| 5:03 | Create | Villager (Male) |
| 5:29 | Create | Villager (Male) |
| 5:30 | Create | Villager (Male) |
| 5:45 | Create | Villager (Male) |
| 6:05 | Build | House |
| 6:29 | Create | Villager (Male) |
| 6:42 | Create | Villager (Male) |
| 7:00 | Create | Villager (Male) |
| 7:12 | Build | Mill |
| 7:39 | Create | Villager (Male) |
| 8:08 | Build | Mining Camp |
| 8:17 | Create | Villager (Male) |
| 8:43 | Research | Feudal Age |
| 9:08 | Build | House |
| 10:28 | Create | Villager (Male) |
| 10:29 | Create | Villager (Male) |
| 11:02 | Age | Feudal Age |
| 11:06 | Build | Stone Wall |
| 11:11 | Build | Market |
| 11:13 | Build | Blacksmith |
| 11:23 | Build | Stone Wall |
| 11:54 | Create | Villager (Male) |
| 12:09 | Research | Castle Age |
| 12:21 | Build | Outpost |
| 12:47 | Build | Mining Camp |
| 12:53 | Build | Outpost |
| 13:12 | Build | House |
| 13:32 | Research | Town Watch |
| 13:52 | Research | Double-Bit Axe |
| 13:52 | Research | Double-Bit Axe |
| 14:59 | Age | Castle Age |
| 15:01 | Build | Town Center |
| 15:13 | Build | Town Center |
| 15:17 | Create | Villager (Male) |
| 15:26 | Create | Villager (Male) |
| 15:36 | Build | Farm |
| 15:38 | Build | Farm |
| 15:41 | Build | Farm |
| 15:42 | Build | Farm |
| 15:52 | Create | Villager (Male) |
| 15:58 | Build | Farm |
| 16:01 | Build | Farm |
| 16:05 | Build | Farm |
| 16:15 | Create | Villager (Male) |
| 16:22 | Create | Villager (Male) |
| 16:24 | Build | Town Center |
| 16:33 | Create | Villager (Male) |
| 16:40 | Build | Farm |
| 16:47 | Create | Villager (Male) |
| 16:50 | Build | Farm |
| 16:52 | Create | Villager (Male) |
| 16:58 | Create | Villager (Male) |
| 16:58 | Create | Villager (Male) |
| 17:09 | Build | Farm |
| 17:11 | Create | Villager (Male) |
| 17:11 | Create | Villager (Male) |
| 17:22 | Build | Stone Wall |
| 17:23 | Build | Stone Wall |
| 17:24 | Build | Stone Wall |
| 17:25 | Build | Stone Wall |
| 17:29 | Create | Villager (Male) |
| 17:29 | Create | Villager (Male) |
| 17:32 | Build | House |
| 17:35 | Create | Villager (Male) |
| 17:41 | Build | Stone Wall |
| 17:43 | Build | Stone Wall |
| 17:49 | Create | Villager (Male) |
| 17:50 | Create | Villager (Male) |
| 17:50 | Create | Villager (Male) |
| 17:52 | Build | Farm |
| 17:53 | Create | Villager (Male) |
| 17:54 | Create | Villager (Male) |
| 17:58 | Build | Farm |
| 18:02 | Create | Villager (Male) |
| 18:03 | Create | Villager (Male) |
| 18:13 | Build | Farm |
| 18:14 | Create | Villager (Male) |
| 18:14 | Create | Villager (Male) |
| 18:22 | Create | Villager (Male) |
| 18:25 | Build | Farm |
| 18:28 | Build | House |
| 18:31 | Create | Villager (Male) |
| 18:32 | Create | Villager (Male) |
| 18:41 | Build | Farm |
| 18:42 | Create | Villager (Male) |
| 18:42 | Create | Villager (Male) |
| 18:49 | Create | Villager (Male) |
| 18:58 | Build | Farm |
| 18:58 | Create | Villager (Male) |
| 18:58 | Create | Villager (Male) |
| 18:59 | Create | Villager (Male) |
| 19:05 | Create | Villager (Male) |
| 19:14 | Build | Farm |
| 19:16 | Create | Villager (Male) |
| 19:16 | Create | Villager (Male) |
| 19:22 | Build | Farm |
| 19:23 | Create | Villager (Male) |
| 19:24 | Create | Villager (Male) |
| 19:29 | Build | House |
| 19:32 | Create | Villager (Male) |
| 19:32 | Create | Villager (Male) |
| 19:37 | Build | Farm |
| 19:39 | Create | Villager (Male) |
| 19:40 | Create | Villager (Male) |
| 19:42 | Create | Villager (Male) |
| 19:44 | Build | Farm |
| 19:49 | Create | Villager (Male) |
| 19:49 | Create | Villager (Male) |
| 20:01 | Create | Villager (Male) |
| 20:07 | Build | Farm |
| 20:07 | Create | Villager (Male) |
| 20:08 | Create | Villager (Male) |
| 20:11 | Build | Farm |
| 20:12 | Create | Villager (Male) |
| 20:15 | Build | House |
| 20:16 | Create | Villager (Male) |
| 20:20 | Create | Villager (Male) |
| 20:20 | Create | Villager (Male) |
| 20:26 | Build | Farm |
| 20:27 | Build | Farm |
| 20:32 | Build | Farm |
| 20:33 | Create | Villager (Male) |
Build order — RoomOnFire
First 150 of 491 actions detected
| 0:02 | Create | Villager (Male) ×4 |
| 0:03 | Build | House |
| 0:04 | Build | House |
| 1:28 | Create | Villager (Male) |
| 2:01 | Create | Villager (Male) |
| 2:38 | Create | Villager (Male) |
| 3:04 | Create | Villager (Male) |
| 3:26 | Create | Villager (Male) |
| 3:33 | Build | House |
| 3:54 | Create | Villager (Male) |
| 4:07 | Build | Lumber Camp |
| 4:18 | Create | Villager (Male) |
| 4:40 | Create | Villager (Male) |
| 4:58 | Create | Villager (Male) |
| 5:34 | Create | Villager (Male) |
| 5:51 | Build | Mining Camp |
| 5:59 | Create | Villager (Male) |
| 6:25 | Create | Villager (Male) |
| 6:49 | Research | Feudal Age |
| 6:52 | Research | Loom |
| 7:32 | Build | Barracks |
| 7:36 | Build | House |
| 8:33 | Create | Militia |
| 8:33 | Create | Militia |
| 8:33 | Create | Militia |
| 8:45 | Build | House |
| 8:49 | Build | House |
| 9:00 | Age | Feudal Age |
| 9:05 | Build | Watch Tower |
| 9:15 | Research | Man-at-Arms (upgrade) |
| 9:16 | Research | Double-Bit Axe |
| 9:17 | Create | Villager (Male) |
| 9:22 | Build | Mill |
| 9:43 | Create | Villager (Male) |
| 10:05 | Build | Blacksmith |
| 10:27 | Create | Villager (Male) |
| 10:32 | Create | Villager (Male) |
| 10:59 | Create | Villager (Male) |
| 11:03 | Build | Farm |
| 11:04 | Build | Farm |
| 11:04 | Build | Farm |
| 11:04 | Build | Farm |
| 11:42 | Create | Villager (Male) |
| 12:25 | Create | Villager (Male) |
| 12:26 | Create | Villager (Male) |
| 12:48 | Build | Market |
| 12:52 | Build | Farm |
| 12:53 | Build | Farm |
| 12:54 | Build | Farm |
| 12:57 | Research | Horse Collar |
| 13:28 | Build | House |
| 13:43 | Create | Villager (Male) |
| 14:00 | Build | Watch Tower |
| 14:04 | Create | Villager (Male) |
| 14:23 | Create | Villager (Male) |
| 14:24 | Build | Farm |
| 14:44 | Build | Farm |
| 15:24 | Create | Villager (Male) |
| 15:27 | Build | Farm |
| 15:31 | Build | Farm |
| 15:33 | Build | Farm |
| 16:33 | Create | Villager (Male) |
| 16:36 | Build | Farm |
| 16:40 | Build | Farm |
| 17:17 | Create | Villager (Male) |
| 17:24 | Build | Farm |
| 17:45 | Build | Stone Wall |
| 17:54 | Research | Castle Age |
| 17:54 | Research | Castle Age |
| 17:55 | Research | Gold Mining |
| 17:55 | Research | Gold Mining |
| 19:09 | Build | Stone Wall |
| 19:24 | Create | Villager (Male) |
| 20:34 | Age | Castle Age |
| 20:37 | Build | Siege Workshop |
| 20:38 | Create | Villager (Male) |
| 20:39 | Research | Bow Saw |
| 20:39 | Research | Bow Saw |
| 20:53 | Create | Villager (Male) |
| 20:58 | Create | Villager (Male) |
| 21:00 | Build | Lumber Camp |
| 21:11 | Create | Mangonel |
| 21:23 | Build | House |
| 21:46 | Create | Villager (Male) |
| 21:53 | Build | Lumber Camp |
| 22:23 | Build | Stone Wall |
| 22:28 | Build | Stone Wall |
| 22:29 | Build | Stone Wall |
| 22:36 | Create | Mangonel |
| 22:37 | Create | Villager (Male) |
| 22:48 | Build | Stone Wall |
| 22:55 | Create | Villager (Male) |
| 22:58 | Create | Mangonel |
| 23:30 | Create | Villager (Male) |
| 23:40 | Build | Town Center |
| 23:50 | Create | Villager (Male) |
| 23:54 | Research | Heavy Plow |
| 23:56 | Create | Villager (Male) |
| 24:00 | Build | House |
| 24:00 | Build | House |
| 24:00 | Build | House |
| 24:00 | Build | House |
| 24:00 | Build | House |
| 24:59 | Create | Villager (Male) |
| 25:01 | Create | Villager (Male) |
| 25:07 | Build | Town Center |
| 25:33 | Create | Villager (Male) |
| 25:33 | Create | Villager (Male) |
| 25:34 | Create | Villager (Male) |
| 25:34 | Create | Villager (Male) |
| 25:43 | Create | Mangonel |
| 26:16 | Create | Villager (Male) ×5 |
| 26:25 | Build | Stone Wall |
| 26:26 | Build | Stone Wall |
| 26:27 | Build | Stone Wall |
| 26:37 | Build | Palisade Wall |
| 26:39 | Create | Villager (Male) |
| 26:50 | Create | Villager (Male) |
| 26:52 | Build | Farm |
| 26:52 | Build | Farm |
| 26:52 | Build | Farm |
| 26:52 | Build | Farm |
| 26:52 | Build | Farm |
| 26:53 | Build | Farm |
| 26:53 | Build | Farm |
| 26:53 | Build | Farm |
| 26:56 | Build | Farm |
| 26:56 | Build | Farm |
| 26:56 | Build | Farm |
| 26:56 | Build | Farm |
| 27:02 | Build | Mill |
| 27:03 | Build | Farm |
| 27:03 | Build | Farm |
| 27:03 | Build | Farm |
| 27:04 | Build | Farm |
| 27:04 | Build | Farm |
| 27:16 | Build | Farm |
| 27:18 | Create | Villager (Male) |
| 27:59 | Create | Villager (Male) |
| 27:59 | Create | Villager (Male) |
| 28:00 | Create | Villager (Male) |
| 28:03 | Build | Farm |
| 28:04 | Build | Farm |
| 28:05 | Build | Farm |
| 28:09 | Build | Farm |
| 28:09 | Build | Farm |
| 28:10 | Build | Farm |
| 28:10 | Build | Farm |
| 28:10 | Build | Farm |
| 28:10 | Build | Farm |
Build order — 王德发
First 150 of 698 actions detected
| 0:03 | Build | House |
| 0:03 | Create | Villager (Male) |
| 0:03 | Create | Villager (Male) |
| 0:04 | Build | House |
| 0:10 | Create | Villager (Male) |
| 0:18 | Create | Villager (Male) |
| 0:36 | Build | Palisade Wall |
| 1:18 | Research | Loom |
| 1:33 | Create | Villager (Male) |
| 1:43 | Build | Palisade Wall |
| 1:50 | Build | House |
| 2:11 | Build | Palisade Wall |
| 2:12 | Build | Palisade Wall |
| 2:17 | Create | Villager (Male) |
| 2:25 | Build | House |
| 2:26 | Build | Palisade Wall |
| 2:36 | Create | Villager (Male) |
| 2:36 | Create | Villager (Male) |
| 2:36 | Create | Villager (Male) |
| 2:58 | Create | Villager (Male) |
| 2:59 | Create | Villager (Male) |
| 3:14 | Create | Villager (Male) |
| 3:14 | Create | Villager (Male) |
| 3:14 | Create | Villager (Male) |
| 3:41 | Build | Lumber Camp |
| 3:41 | Create | Villager (Male) |
| 3:57 | Create | Villager (Male) |
| 4:26 | Create | Villager (Male) |
| 5:14 | Create | Villager (Male) |
| 5:19 | Build | Mill |
| 5:35 | Create | Villager (Male) |
| 5:54 | Create | Villager (Male) |
| 5:54 | Create | Villager (Male) |
| 5:54 | Create | Villager (Male) |
| 5:55 | Create | Villager (Male) |
| 6:26 | Create | Villager (Male) |
| 6:26 | Create | Villager (Male) |
| 6:51 | Create | Villager (Male) |
| 7:03 | Create | Villager (Male) |
| 7:27 | Build | Mill |
| 8:18 | Research | Feudal Age |
| 8:24 | Build | Mining Camp |
| 9:53 | Create | Villager (Male) |
| 9:53 | Create | Villager (Male) |
| 10:18 | Build | House |
| 10:33 | Age | Feudal Age |
| 10:42 | Build | Market |
| 10:45 | Build | Blacksmith |
| 11:00 | Create | Villager (Male) |
| 11:07 | Build | House |
| 11:24 | Create | Villager (Male) |
| 12:17 | Research | Castle Age |
| 12:18 | Research | Castle Age |
| 12:18 | Research | Castle Age |
| 12:41 | Research | Double-Bit Axe |
| 13:52 | Build | Lumber Camp |
| 13:58 | Build | House |
| 13:59 | Build | House |
| 14:00 | Build | House |
| 14:08 | Research | Horse Collar |
| 14:33 | Create | Villager (Male) |
| 14:41 | Create | Villager (Male) |
| 14:57 | Age | Castle Age |
| 15:03 | Build | Town Center |
| 15:06 | Build | Town Center |
| 15:14 | Build | Farm |
| 15:15 | Build | Farm |
| 15:18 | Build | Farm |
| 15:19 | Build | Farm |
| 15:21 | Build | Farm |
| 15:23 | Build | Farm |
| 15:25 | Build | Farm |
| 15:26 | Create | Villager (Male) |
| 15:34 | Create | Villager (Male) |
| 15:40 | Create | Villager (Male) |
| 15:56 | Build | Farm |
| 16:14 | Create | Villager (Male) |
| 16:36 | Build | Siege Workshop |
| 16:38 | Create | Villager (Male) |
| 16:40 | Create | Villager (Male) |
| 16:40 | Create | Villager (Male) |
| 16:45 | Create | Villager (Male) |
| 16:54 | Create | Villager (Male) |
| 17:02 | Build | Farm |
| 17:08 | Build | Farm |
| 17:10 | Create | Villager (Male) |
| 17:13 | Create | Villager (Male) |
| 17:16 | Create | Villager (Male) |
| 17:23 | Build | House |
| 17:28 | Build | House |
| 17:28 | Create | Villager (Male) |
| 17:31 | Build | Farm |
| 17:34 | Build | Farm |
| 17:35 | Create | Villager (Male) |
| 17:37 | Create | Villager (Male) |
| 17:43 | Build | Town Center |
| 17:45 | Create | Villager (Male) |
| 17:47 | Create | Villager (Male) |
| 17:59 | Create | Villager (Male) |
| 18:05 | Create | Villager (Male) |
| 18:13 | Create | Villager (Male) |
| 18:18 | Build | Farm |
| 18:20 | Build | Farm |
| 18:23 | Create | Villager (Male) |
| 18:29 | Build | Farm |
| 18:30 | Create | Villager (Male) |
| 18:32 | Create | Villager (Male) |
| 18:39 | Create | Villager (Male) |
| 18:42 | Build | House |
| 18:45 | Create | Villager (Male) |
| 18:46 | Build | Farm |
| 19:02 | Create | Villager (Male) |
| 19:08 | Create | Villager (Male) |
| 19:10 | Build | Farm |
| 19:13 | Build | Farm |
| 19:14 | Create | Villager (Male) |
| 19:22 | Build | House |
| 19:27 | Create | Villager (Male) |
| 19:28 | Create | Villager (Male) |
| 19:32 | Create | Villager (Male) |
| 19:33 | Create | Villager (Male) |
| 19:36 | Build | Farm |
| 19:40 | Create | Villager (Male) |
| 19:40 | Create | Villager (Male) |
| 19:45 | Build | Farm |
| 19:55 | Create | Villager (Male) |
| 20:00 | Create | Villager (Male) |
| 20:00 | Create | Villager (Male) |
| 20:06 | Build | Farm |
| 20:07 | Create | Villager (Male) |
| 20:07 | Create | Villager (Male) |
| 20:11 | Build | Farm |
| 20:11 | Create | Villager (Male) |
| 20:11 | Create | Villager (Male) |
| 20:17 | Build | Farm |
| 20:27 | Create | Villager (Male) |
| 20:31 | Create | Villager (Male) |
| 20:31 | Create | Villager (Male) |
| 20:35 | Create | Villager (Male) |
| 20:36 | Create | Villager (Male) |
| 20:43 | Create | Villager (Male) |
| 20:43 | Create | Villager (Male) |
| 20:50 | Build | Castle |
| 20:53 | Build | Farm |
| 20:55 | Build | Farm |
| 20:59 | Build | Farm |
| 20:59 | Create | Villager (Male) |
| 21:01 | Create | Villager (Male) |
| 21:01 | Create | Villager (Male) |
| 21:03 | Create | Villager (Male) |
Match timeline
| 0:36 | 王德发 · wall_segment Palisade Wall x5 |
| 0:50 | Favre4ever · wall_segment Palisade Wall x11 |
| 0:52 | mochi · wall_segment Palisade Wall x1 |
| 0:53 | mochi · wall_segment Palisade Wall x1 |
| 0:56 | mochi · wall_segment Palisade Wall x1 |
| 0:56 | mochi · wall_segment Palisade Wall x1 |
| 1:43 | 王德发 · wall_segment Palisade Wall x3 |
| 2:01 | mochi · wall_segment Palisade Wall x6 |
| 2:05 | Favre4ever · wall_segment Palisade Wall x11 |
| 2:11 | 王德发 · wall_segment Palisade Wall x3 |
| 2:12 | 王德发 · wall_segment Palisade Wall x3 |
| 2:26 | 王德发 · wall_segment Palisade Wall x1 |
| 5:55 | Favre4ever · wall_segment Palisade Wall x2 |
| 6:11 | Favre4ever · wall_segment Palisade Wall x1 |
| 7:32 | RoomOnFire · first_building Barracks |
| 8:01 | Favre4ever · wall_segment Palisade Wall x1 |
| 8:05 | undefined · first_building Barracks |
| 8:52 | Favre4ever · wall_segment Palisade Wall x4 |
| 8:59 | undefined · age_up feudal |
| 9:00 | RoomOnFire · age_up feudal |
| 9:04 | undefined · first_building Archery Range |
| 9:15 | Favre4ever · wall_segment Palisade Wall x5 |
| 9:19 | Favre4ever · wall_segment Palisade Wall x2 |
| 9:47 | Favre4ever · wall_segment Palisade Wall x4 |
| 9:53 | Favre4ever · wall_segment Palisade Wall x6 |
| 10:09 | Favre4ever · wall_segment Palisade Wall x10 |
| 10:26 | Favre4ever · wall_segment Palisade Wall x2 |
| 10:33 | 王德发 · age_up feudal |
| 10:46 | paran · age_up feudal |
| 10:47 | Favre4ever · wall_segment Palisade Wall x4 |
| 10:50 | Favre4ever · wall_segment Palisade Wall x5 |
| 10:56 | MZTK | GO1_mx · age_up feudal |
| 11:02 | mochi · age_up feudal |
| 11:06 | mochi · wall_segment Stone Wall x9 |
| 11:20 | Favre4ever · wall_segment Palisade Wall x4 |
| 11:23 | mochi · wall_segment Stone Wall x7 |
| 11:25 | Favre4ever · wall_segment Palisade Wall x6 |
| 11:43 | paran · first_market_sell 100 wood |
| 11:45 | JaMMiN · age_up feudal |
| 11:56 | Favre4ever · age_up feudal |
| 12:59 | Favre4ever · wall_segment Stone Wall x6 |
| 13:47 | RoomOnFire · first_market_sell 100 wood |
| 13:48 | RoomOnFire · first_market_buy 100 stone |
| 14:13 | MZTK | GO1_mx · first_market_buy 100 stone |
| 14:24 | paran · age_up castle |
| 14:33 | MZTK | GO1_mx · age_up castle |
| 14:57 | 王德发 · age_up castle |
| 14:59 | mochi · age_up castle |
| 15:05 | JaMMiN · age_up castle |
| 15:11 | Favre4ever · first_market_sell 100 stone |
| 15:34 | MZTK | GO1_mx · first_building Monastery |
| 15:34 | undefined · first_market_sell 100 wood |
| 15:35 | undefined · first_market_buy 100 food |
| 15:53 | Favre4ever · wall_segment Stone Wall x5 |
| 16:33 | mochi · first_market_buy 100 food |
| 16:36 | 王德发 · first_building Siege Workshop |
| 17:22 | mochi · wall_segment Stone Wall x2 |
| 17:23 | mochi · wall_segment Stone Wall x1 |
| 17:24 | mochi · wall_segment Stone Wall x1 |
| 17:25 | mochi · wall_segment Stone Wall x4 |
| 17:41 | mochi · wall_segment Stone Wall x9 |
| 17:43 | mochi · wall_segment Stone Wall x1 |
| 17:45 | RoomOnFire · wall_segment Stone Wall x13 |
| 17:47 | mochi · first_market_sell 100 wood |
| 17:52 | Favre4ever · age_up castle |
| 17:58 | MZTK | GO1_mx · first_building Siege Workshop |
| 18:27 | Favre4ever · first_market_buy 100 stone |
| 19:09 | RoomOnFire · wall_segment Stone Wall x14 |
| 20:19 | Favre4ever · first_building Castle |
| 20:34 | RoomOnFire · age_up castle |
| 20:37 | RoomOnFire · first_building Siege Workshop |
| 20:48 | undefined · age_up castle |
| 20:50 | 王德发 · first_building Castle |
| 21:07 | JaMMiN · first_market_buy 100 wood |
| 21:15 | mochi · wall_segment Stone Wall x10 |
| 22:23 | RoomOnFire · wall_segment Stone Wall x14 |
| 22:28 | RoomOnFire · wall_segment Stone Wall x1 |
| 22:29 | RoomOnFire · wall_segment Stone Wall x1 |
| 22:44 | mochi · wall_segment Stone Wall x7 |
| 22:48 | RoomOnFire · wall_segment Stone Wall x1 |
| 22:57 | mochi · first_building Siege Workshop |
| 23:04 | JaMMiN · first_market_sell 100 food |
| 23:22 | mochi · wall_segment Stone Wall x4 |
| 23:23 | MZTK | GO1_mx · wall_segment Palisade Wall x1 |
| 23:31 | paran · first_building Monastery |
| 24:08 | mochi · first_building Castle |
| 25:21 | MZTK | GO1_mx · first_market_sell 100 wood |
| 25:38 | JaMMiN · first_building Castle |
| 26:25 | RoomOnFire · wall_segment Stone Wall x15 |
| 26:26 | RoomOnFire · wall_segment Stone Wall x1 |
| 26:27 | RoomOnFire · wall_segment Stone Wall x1 |
| 26:27 | MZTK | GO1_mx · first_building Castle |
| 26:29 | paran · first_building Barracks |
| 26:30 | Favre4ever · wall_segment Stone Wall x3 |
| 26:34 | Favre4ever · wall_segment Stone Wall x2 |
| 26:37 | RoomOnFire · wall_segment Palisade Wall x1 |
| 26:40 | Favre4ever · wall_segment Stone Wall x4 |
| 26:40 | MZTK | GO1_mx · first_building Barracks |
| 26:51 | Favre4ever · wall_segment Stone Wall x1 |
| 27:16 | paran · first_building Castle |
| 27:20 | JaMMiN · first_building Barracks |
| 27:46 | MZTK | GO1_mx · first_building Stable |
| 27:48 | paran · first_building Siege Workshop |
| 28:16 | paran · first_building Donjon |
| 28:42 | MZTK | GO1_mx · age_up imperial |
| 28:58 | mochi · age_up imperial |
| 29:00 | 王德发 · age_up imperial |
| 29:07 | undefined · first_building Castle |
| 29:08 | 王德发 · first_market_sell 100 food |
| 29:21 | JaMMiN · age_up imperial |
| 29:29 | paran · age_up imperial |
| 30:24 | 王德发 · wall_segment Stone Wall x1 |
| 30:25 | 王德发 · wall_segment Stone Wall x1 |
| 30:26 | 王德发 · wall_segment Stone Wall x1 |
| 30:43 | 王德发 · wall_segment Stone Wall x1 |
| 30:44 | 王德发 · wall_segment Stone Wall x1 |
| 31:28 | MZTK | GO1_mx · first_building Archery Range |
| 31:51 | RoomOnFire · wall_segment Stone Wall x12 |
| 31:52 | RoomOnFire · wall_segment Stone Wall x1 |
| 31:52 | RoomOnFire · wall_segment Stone Wall x1 |
| 32:18 | RoomOnFire · wall_segment Stone Wall x1 |
| 33:40 | 王德发 · first_building Barracks |
| 33:46 | undefined · first_building Stable |
| 33:47 | mochi · first_building Barracks |
| 33:49 | RoomOnFire · wall_segment Stone Wall x12 |
| 33:52 | RoomOnFire · wall_segment Stone Wall x9 |
| 34:10 | undefined · first_building Monastery |
| 34:35 | undefined · age_up imperial |
| 35:43 | RoomOnFire · wall_segment Stone Wall x2 |
| 35:46 | RoomOnFire · wall_segment Stone Wall x3 |
| 35:47 | RoomOnFire · wall_segment Stone Wall x5 |
| 35:50 | RoomOnFire · wall_segment Stone Wall x4 |
| 35:54 | RoomOnFire · wall_segment Stone Wall x1 |
| 36:04 | RoomOnFire · age_up imperial |
| 36:17 | RoomOnFire · wall_segment Stone Wall x2 |
| 37:29 | RoomOnFire · first_building Castle |
| 37:35 | MZTK | GO1_mx · tribute_sent a jugador 2 |
| 37:35 | MZTK | GO1_mx · tribute_sent a jugador 3 |
| 37:35 | MZTK | GO1_mx · tribute_sent a jugador 4 |
| 37:35 | MZTK | GO1_mx · tribute_sent a jugador 5 |
| 37:35 | MZTK | GO1_mx · tribute_sent a jugador 6 |
| 37:35 | MZTK | GO1_mx · tribute_sent a jugador 7 |
| 37:35 | MZTK | GO1_mx · tribute_sent a jugador 8 |
| 37:41 | MZTK | GO1_mx · tribute_sent a jugador 2 |
| 37:41 | MZTK | GO1_mx · tribute_sent a jugador 3 |
| 37:41 | MZTK | GO1_mx · tribute_sent a jugador 4 |
| 37:41 | MZTK | GO1_mx · tribute_sent a jugador 5 |
| 37:41 | MZTK | GO1_mx · tribute_sent a jugador 6 |
| 37:41 | MZTK | GO1_mx · tribute_sent a jugador 7 |
| 37:41 | MZTK | GO1_mx · tribute_sent a jugador 8 |
| 37:43 | 王德发 · wall_segment Palisade Wall x1 |
| 37:51 | mochi · tribute_sent a jugador 1 |
| 37:51 | mochi · tribute_sent a jugador 2 |
| 37:51 | mochi · tribute_sent a jugador 3 |
| 37:51 | mochi · tribute_sent a jugador 4 |
| 37:51 | mochi · tribute_sent a jugador 6 |
| 37:51 | mochi · tribute_sent a jugador 7 |
| 37:51 | mochi · tribute_sent a jugador 8 |
| 37:52 | JaMMiN · tribute_sent a jugador 1 |
| 37:52 | JaMMiN · tribute_sent a jugador 2 |
| 37:52 | JaMMiN · tribute_sent a jugador 4 |
| 37:52 | JaMMiN · tribute_sent a jugador 5 |
| 37:52 | JaMMiN · tribute_sent a jugador 6 |
| 37:52 | JaMMiN · tribute_sent a jugador 7 |
| 37:52 | JaMMiN · tribute_sent a jugador 8 |
| 37:53 | undefined · tribute_sent a jugador 1 |
| 37:53 | undefined · tribute_sent a jugador 2 |
| 37:53 | undefined · tribute_sent a jugador 3 |
| 37:53 | undefined · tribute_sent a jugador 5 |
| 37:53 | undefined · tribute_sent a jugador 6 |
| 37:53 | undefined · tribute_sent a jugador 7 |
| 37:53 | undefined · tribute_sent a jugador 8 |
| 38:23 | Favre4ever · first_building Monastery |
| 38:25 | 王德发 · wall_segment Palisade Wall x1 |
| 38:35 | undefined · wall_segment Stone Wall x2 |
| 38:36 | RoomOnFire · wall_segment Stone Wall x1 |
| 38:37 | undefined · wall_segment Stone Wall x1 |
| 38:41 | undefined · wall_segment Stone Wall x1 |
| 39:42 | paran · tribute_sent a jugador 1 |
| 39:42 | paran · tribute_sent a jugador 3 |
| 39:42 | paran · tribute_sent a jugador 4 |
| 39:42 | paran · tribute_sent a jugador 5 |
| 39:42 | paran · tribute_sent a jugador 6 |
| 39:42 | paran · tribute_sent a jugador 7 |
| 39:42 | paran · tribute_sent a jugador 8 |
| 39:44 | JaMMiN · tribute_sent a jugador 1 |
| 39:44 | JaMMiN · tribute_sent a jugador 2 |
| 39:44 | JaMMiN · tribute_sent a jugador 4 |
| 39:44 | JaMMiN · tribute_sent a jugador 5 |
| 39:44 | JaMMiN · tribute_sent a jugador 6 |
| 39:44 | JaMMiN · tribute_sent a jugador 7 |
| 39:44 | JaMMiN · tribute_sent a jugador 8 |
| 40:16 | 王德发 · wall_segment Palisade Wall x1 |
| 40:27 | JaMMiN · first_building Stable |
| 40:55 | RoomOnFire · wall_segment Stone Wall x9 |
| 40:59 | RoomOnFire · wall_segment Stone Wall x8 |
| 41:27 | Favre4ever · first_building Barracks |
| 41:46 | JaMMiN · tribute_sent a jugador 1 |
| 41:46 | JaMMiN · tribute_sent a jugador 2 |
| 41:46 | JaMMiN · tribute_sent a jugador 4 |
| 41:46 | JaMMiN · tribute_sent a jugador 5 |
| 41:46 | JaMMiN · tribute_sent a jugador 6 |
| 41:46 | JaMMiN · tribute_sent a jugador 7 |
| 41:46 | JaMMiN · tribute_sent a jugador 8 |
| 41:54 | paran · tribute_sent a jugador 1 |
| 41:54 | paran · tribute_sent a jugador 3 |
| 41:54 | paran · tribute_sent a jugador 4 |
| 41:54 | paran · tribute_sent a jugador 5 |
| 41:54 | paran · tribute_sent a jugador 6 |
| 41:54 | paran · tribute_sent a jugador 7 |
| 41:54 | paran · tribute_sent a jugador 8 |
| 42:08 | Favre4ever · age_up imperial |
| 42:26 | JaMMiN · tribute_sent a jugador 1 |
| 42:26 | JaMMiN · tribute_sent a jugador 2 |
| 42:26 | JaMMiN · tribute_sent a jugador 4 |
| 42:26 | JaMMiN · tribute_sent a jugador 5 |
| 42:26 | JaMMiN · tribute_sent a jugador 6 |
| 42:26 | JaMMiN · tribute_sent a jugador 7 |
| 42:26 | JaMMiN · tribute_sent a jugador 8 |
| 42:43 | RoomOnFire · wall_segment Stone Wall x1 |
| 43:11 | JaMMiN · tribute_sent a jugador 1 |
| 43:11 | JaMMiN · tribute_sent a jugador 2 |
| 43:11 | JaMMiN · tribute_sent a jugador 4 |
| 43:11 | JaMMiN · tribute_sent a jugador 5 |
| 43:11 | JaMMiN · tribute_sent a jugador 6 |
| 43:11 | JaMMiN · tribute_sent a jugador 7 |
| 43:11 | JaMMiN · tribute_sent a jugador 8 |
| 43:34 | RoomOnFire · wall_segment Stone Wall x1 |
| 43:41 | JaMMiN · tribute_sent a jugador 1 |
| 43:41 | JaMMiN · tribute_sent a jugador 2 |
| 43:41 | JaMMiN · tribute_sent a jugador 4 |
| 43:41 | JaMMiN · tribute_sent a jugador 5 |
| 43:41 | JaMMiN · tribute_sent a jugador 6 |
| 43:41 | JaMMiN · tribute_sent a jugador 7 |
| 43:41 | JaMMiN · tribute_sent a jugador 8 |
| 44:07 | RoomOnFire · wall_segment Stone Wall x9 |
| 44:13 | undefined · tribute_sent a jugador 1 |
| 44:13 | undefined · tribute_sent a jugador 2 |
| 44:13 | undefined · tribute_sent a jugador 3 |
| 44:13 | undefined · tribute_sent a jugador 5 |
| 44:13 | undefined · tribute_sent a jugador 6 |
| 44:13 | undefined · tribute_sent a jugador 7 |
| 44:13 | undefined · tribute_sent a jugador 8 |
| 44:23 | Favre4ever · first_building Stable |
| 44:57 | MZTK | GO1_mx · tribute_sent a jugador 2 |
| 44:57 | MZTK | GO1_mx · tribute_sent a jugador 3 |
| 44:57 | MZTK | GO1_mx · tribute_sent a jugador 4 |
| 44:57 | MZTK | GO1_mx · tribute_sent a jugador 5 |
| 44:57 | MZTK | GO1_mx · tribute_sent a jugador 6 |
| 44:57 | MZTK | GO1_mx · tribute_sent a jugador 7 |
| 44:57 | MZTK | GO1_mx · tribute_sent a jugador 8 |
| 45:27 | RoomOnFire · wall_segment Stone Wall x17 |
| 45:38 | RoomOnFire · wall_segment Stone Wall x8 |
| 45:44 | RoomOnFire · wall_segment Stone Wall x2 |
| 45:45 | RoomOnFire · wall_segment Stone Wall x17 |
| 45:52 | RoomOnFire · wall_segment Stone Wall x2 |
| 46:09 | RoomOnFire · wall_segment Stone Wall x6 |
| 46:33 | mochi · wall_segment Stone Wall x6 |
| 46:45 | paran · tribute_sent a jugador 1 |
| 46:45 | paran · tribute_sent a jugador 3 |
| 46:45 | paran · tribute_sent a jugador 4 |
| 46:45 | paran · tribute_sent a jugador 5 |
| 46:45 | paran · tribute_sent a jugador 6 |
| 46:45 | paran · tribute_sent a jugador 7 |
| 46:45 | paran · tribute_sent a jugador 8 |
| 46:54 | RoomOnFire · wall_segment Stone Wall x1 |
| 46:58 | JaMMiN · tribute_sent a jugador 1 |
| 46:58 | JaMMiN · tribute_sent a jugador 2 |
| 46:58 | JaMMiN · tribute_sent a jugador 4 |
| 46:58 | JaMMiN · tribute_sent a jugador 5 |
| 46:58 | JaMMiN · tribute_sent a jugador 6 |
| 46:58 | JaMMiN · tribute_sent a jugador 7 |
| 46:58 | JaMMiN · tribute_sent a jugador 8 |
| 47:17 | RoomOnFire · wall_segment Stone Wall x1 |
| 47:20 | mochi · first_building Archery Range |
| 48:55 | undefined · tribute_sent a jugador 1 |
| 48:55 | undefined · tribute_sent a jugador 2 |
| 48:55 | undefined · tribute_sent a jugador 3 |
| 48:55 | undefined · tribute_sent a jugador 5 |
| 48:55 | undefined · tribute_sent a jugador 6 |
| 48:55 | undefined · tribute_sent a jugador 7 |
| 48:55 | undefined · tribute_sent a jugador 8 |
| 50:01 | RoomOnFire · first_building Monastery |
| 50:22 | paran · tribute_sent a jugador 1 |
| 50:22 | paran · tribute_sent a jugador 3 |
| 50:22 | paran · tribute_sent a jugador 4 |
| 50:22 | paran · tribute_sent a jugador 5 |
| 50:22 | paran · tribute_sent a jugador 6 |
| 50:22 | paran · tribute_sent a jugador 7 |
| 50:22 | paran · tribute_sent a jugador 8 |
| 51:10 | Favre4ever · first_building Siege Workshop |
| 51:17 | 王德发 · first_building Archery Range |
| 52:06 | paran · tribute_sent a jugador 1 |
| 52:06 | paran · tribute_sent a jugador 3 |
| 52:06 | paran · tribute_sent a jugador 4 |
| 52:06 | paran · tribute_sent a jugador 5 |
| 52:06 | paran · tribute_sent a jugador 6 |
| 52:06 | paran · tribute_sent a jugador 7 |
| 52:06 | paran · tribute_sent a jugador 8 |
| 54:11 | JaMMiN · first_building Archery Range |
| 54:21 | mochi · wall_segment Stone Wall x9 |
| 54:39 | JaMMiN · tribute_sent a jugador 1 |
| 54:39 | JaMMiN · tribute_sent a jugador 2 |
| 54:39 | JaMMiN · tribute_sent a jugador 4 |
| 54:39 | JaMMiN · tribute_sent a jugador 5 |
| 54:39 | JaMMiN · tribute_sent a jugador 6 |
| 54:39 | JaMMiN · tribute_sent a jugador 7 |
| 54:39 | JaMMiN · tribute_sent a jugador 8 |
| 54:48 | paran · tribute_sent a jugador 1 |
| 54:48 | paran · tribute_sent a jugador 3 |
| 54:48 | paran · tribute_sent a jugador 4 |
| 54:48 | paran · tribute_sent a jugador 5 |
| 54:48 | paran · tribute_sent a jugador 6 |
| 54:48 | paran · tribute_sent a jugador 7 |
| 54:48 | paran · tribute_sent a jugador 8 |
| 55:26 | undefined · tribute_sent a jugador 1 |
| 55:26 | undefined · tribute_sent a jugador 2 |
| 55:26 | undefined · tribute_sent a jugador 3 |
| 55:26 | undefined · tribute_sent a jugador 5 |
| 55:26 | undefined · tribute_sent a jugador 6 |
| 55:26 | undefined · tribute_sent a jugador 7 |
| 55:26 | undefined · tribute_sent a jugador 8 |
| 55:44 | mochi · wall_segment Stone Wall x7 |
| 56:00 | MZTK | GO1_mx · tribute_sent a jugador 2 |
| 56:00 | MZTK | GO1_mx · tribute_sent a jugador 3 |
| 56:00 | MZTK | GO1_mx · tribute_sent a jugador 4 |
| 56:00 | MZTK | GO1_mx · tribute_sent a jugador 5 |
| 56:00 | MZTK | GO1_mx · tribute_sent a jugador 6 |
| 56:00 | MZTK | GO1_mx · tribute_sent a jugador 7 |
| 56:00 | MZTK | GO1_mx · tribute_sent a jugador 8 |
| 56:02 | 王德发 · first_building Monastery |
| 56:29 | undefined · tribute_sent a jugador 1 |
| 56:29 | undefined · tribute_sent a jugador 2 |
| 56:29 | undefined · tribute_sent a jugador 3 |
| 56:29 | undefined · tribute_sent a jugador 5 |
| 56:29 | undefined · tribute_sent a jugador 6 |
| 56:29 | undefined · tribute_sent a jugador 7 |
| 56:29 | undefined · tribute_sent a jugador 8 |
| 59:37 | MZTK | GO1_mx · tribute_sent a jugador 2 |
| 59:37 | MZTK | GO1_mx · tribute_sent a jugador 3 |
| 59:37 | MZTK | GO1_mx · tribute_sent a jugador 4 |
| 59:37 | MZTK | GO1_mx · tribute_sent a jugador 5 |
| 59:37 | MZTK | GO1_mx · tribute_sent a jugador 6 |
| 59:37 | MZTK | GO1_mx · tribute_sent a jugador 7 |
| 59:37 | MZTK | GO1_mx · tribute_sent a jugador 8 |
| 59:51 | MZTK | GO1_mx · resign |
[ AI ANALYSIS · 1 CREDIT ]
What really happened in this match?
Wolo.gg analyzes every decision: build order, eco, micro, common mistakes by bracket. Personalized analysis on WhatsApp or Discord in 30 seconds.
Civ guide
Spanish
Perfil
Jugador #332865